 Dungeon Crawl Stone Soup version 0.28.0-53-g5a82cb258f (webtiles) character file.

Game seed: 16568667818012440308

123 thiole the Magician (level 5, -2/46 HPs)
             Began as an Octopode Hedge Wizard on May 24, 2022.
             Slain by an orc wizard
             ... wielding a +2 dagger of protection
              (6 damage)
             ... on level 3 of the Dungeon.
             The game lasted 00:10:59 (3120 turns).

thiole the Magician (Octopode Hedge Wizard)         Turns: 3120, Time: 00:10:59

Health: -2/46      AC:  1    Str:  8 (9)  XL:     5   Next: 7%
Magic:  5/11       EV: 13    Int: 17 (19) God:
Gold:   81         SH:  0    Dex: 10 (11) Spells: 7/13 levels left

rFire   . . .      SeeInvis .   a - +0 dagger
rCold   . . .      Faith    .   (no shield)
rNeg    . . .      Spirit   .   b - +0 hat
rPois   .          Reflect  .   (no amulet)
rElec   .          Harm     .   (no ring)
rCorr   .          Rampage  .   (no ring)
Will    .....                   (no ring)
Stlth   ..........              (no ring)
HPRegen 0.15/turn               (no ring)
MPRegen 0.12/turn               (no ring)
                                (no ring)
                                (no ring)

@: berserking (expiring), very quick
A: almost no armour, amphibious, 8 rings, camouflage 1, gelatinous body 1,
(nimble swimmer 1), tentacles
a: no special abilities


You were on level 3 of the Dungeon.
You visited 1 branch of the dungeon, and saw 4 of its levels.

You collected 81 gold pieces.

Inventory:

Hand Weapons
 a - a +0 dagger (weapon)
Missiles
 c - 4 atropa-tipped darts
Armour
 b - a +0 hat (worn)
Magical Staves
 n - a staff of death
Wands
 f - a wand of iceblast (9)
Scrolls
 e - a scroll of teleportation {unknown}
 g - 2 scrolls of immolation {unknown}
 h - 2 scrolls of vulnerability {unknown}
 i - a scroll of noise {unknown}
 k - a scroll of summoning {unknown}
 l - a scroll of identify {unknown}
 m - a scroll of brand weapon {unknown}
Potions
 j - a potion of degeneration


   Skills:
 - Level 2.0 Dodging
 - Level 3.0 Stealth
 + Level 4.5 Spellcasting
 + Level 1.5 Conjurations
 - Level 2.0 Summonings
 - Level 1.0 Translocations
 + Level 1.0 Air Magic


You had 7 spell levels left.
You knew the following spells:

 Your Spells              Type           Power      Damage    Failure   Level
a - Magic Dart            Conj           36%        1d4       9%          1
b - Call Imp              Summ           10%        N/A       10%         2
c - Mephitic Cloud        Conj/Pois/Air  6%         N/A       32%         3

Your spell library contained the following spells:

 Spells                   Type           Power      Damage    Failure   Level
 Slow                     Hex            12%        N/A       16%         1
 Blink                    Tloc           14%        N/A       16%         2
 Conjure Flame            Conj/Fire      6%         6-21      32%         3


Dungeon Overview and Level Annotations

Branches:
Dungeon (4/15)
 Temple: D:4-7

Altars:

Shops:
D:2 *   D:4 :

Annotations:
D:4 Sigmund


Innate Abilities, Weirdness & Mutations

You cannot wear most types of armour.
You are amphibious.
You can wear up to eight rings at the same time.
Your skin changes colour to match your surroundings (Stealth+).
Your rubbery body absorbs attacks. (AC +1, EV +1)
((You are camouflaged when in or above water. (Stealth+)))
You have tentacles for arms and can constrict up to eight enemies at once.


Message History

You miss something.
Your crimson imp hits the quokka.
The quokka dies!
Something hits you.
You hit something but do no damage.
Your crimson imp closely misses something.
Something hits you.
You miss something. Your squeeze misses something.
Your crimson imp hits something but does no damage.
Something hits you.
You hit something but do no damage. Your squeeze misses something.
Your crimson imp hits something but does no damage.
Something hits you.
You closely miss something.
Your crimson imp hits something but does no damage.
You hear some strange, mumbled words.
You are confused.
You bump into the rock wall.
Your crimson imp closely misses something.
Something hits you.
You miss something.
Your crimson imp barely misses something.
Something hits you.
Your crimson imp hits something but does no damage.
It was a potion of degeneration.
There was something very wrong with that liquid.
You feel weakened.
You feel dopey.
You feel clumsy. Something hits you.
* * * LOW HITPOINT WARNING * * *
It was a potion of berserk rage.
A red film seems to cover your vision as you go berserk!
You feel yourself moving faster!
You feel mighty!
You feel less confused.
Your crimson imp hits something but does no damage.
Something barely misses you.
You barely miss something.
Your crimson imp misses something.
You closely miss something. Something hits you.
* * * LOW HITPOINT WARNING * * *
Your crimson imp hits something but does no damage.
You barely miss something. Something hits you.
You die...

.......###..⌠≈.....?## ##.###.#
#####...##.≈≈........####..[##.##
#.................'...........
##...####.........####...##.##
#..## ##.......## ##....... #.##
##.....########.##.## #.###
##...###........#.# #...# ##'#
#.##.......# ###.###### #@#
#........### #......#
#.#######.##.##
#..###.###5....<.#.##.##### #..#
#.........#.#5##....5.
##.###.#.....#.#.#.########
#.....##...##.....#
#########.#####.### # ...# #.#
###.##.#####.#


You could see a friendly crimson imp (summoned).

Vanquished Creatures
  An orc priest (D:3)
  2 adders (D:2)
  2 dart slugs (D:2)
  2 orcs (D:3)
  9 ball pythons
  6 endoplasms
  6 giant cockroaches
  4 goblins
  5 hobgoblins
  4 quokkas
  9 bats
  7 frilled lizards
  3 kobolds (D:2)
  7 rats
67 creatures vanquished.

Vanquished Creatures (collateral kills)
  A quokka (D:3)
  A kobold (D:3)
2 creatures vanquished.

Vanquished Creatures (others)
  7 fungi (D:3)
  6 plants (D:3)
13 creatures vanquished.

Grand Total: 82 creatures vanquished

Notes
Turn   | Place    | Note
-------+----------+-------------------------------------------
     0 | D:1      | thiole the Octopode Hedge Wizard began the quest for the
                  | Orb.
     0 | D:1      | Reached XP level 1. HP: 11/11 MP: 4/4
   248 | D:1      | Reached XP level 2. HP: 17/17 MP: 1/6
   635 | D:1      | Reached XP level 3. HP: 17/21 MP: 2/8
  1760 | D:2      | Reached skill level 4 in Spellcasting
  1879 | D:2      | Found Eggepes's Assorted Antiques.
  1889 | D:2      | Reached XP level 4. HP: 25/27 MP: 1/10
  2400 | D:3      | Learned a level 2 spell: Call Imp
  2404 | D:3      | Learned a level 3 spell: Mephitic Cloud
  2583 | D:3      | Noticed a scorpion
  2590 | D:4      | Found Bead's Book Emporium.
  2650 | D:4      | Noticed a necrophage
  2657 | D:4      | Noticed Sigmund
  2764 | D:3      | Reached XP level 5. HP: 31/31 MP: 4/11
  2998 | D:3      | Reached skill level 1 in Air Magic
  3120 | D:3      | Slain by an orc wizard

Illustrated notes

Levels and vault maps discovered:
D:1:      ebering_hopf_link, layout_basic, minmay_indecisive_spiral
D:2:      layout_rooms, serial_shops, shop, supply_closet_lemuel
D:3:      layout_loops_corners, shapermc_ecumenical_altar_mp_urbaneastern,
          kennysheep_cross_bottleneck, corexii_leaking_fountain
D:4:      layout_basic, nicolae_stop_n_shop_2, uniq_sigmund

Skill      XL: |  1  2  3  4  5 |
---------------+----------------+-----
Stealth        | 3 |  3.0
Summonings     | 2 |  2.0
Spellcasting   | 4 |  4.5
Air Magic      | 1 |  1.0
Dodging        | |  2.0
Conjurations   | |  1.5
Translocations | |  1.0

Action                   |  1- 3 |  4- 6 || total
-------------------------+-------+-------++-------
Melee: Dagger            |    32 |    52 ||    84
       Constrict         |     8 |     8 ||    16
       Tentacles         |     5 |     8 ||    13
       Punch             |       |     1 ||     1
 Cast: Magic Dart        |    87 |    31 ||   118
       Call Imp          |       |    10 ||    10
  Use: Potion            |       |     2 ||     2
 Stab: Sleeping          |     2 |     1 ||     3
Armor: Skin              |     6 |     7 ||    13
Dodge: Dodged            |    32 |    23 ||    55
